 Dungeon Crawl Stone Soup version 0.29-a0-664-gff9cad4a3d (webtiles) character file.

Game seed: 11883001994626371939

208 DocClef the Skirmisher (level 6, 0/52 HPs)
             Began as a Formicid Fighter on June 22, 2022.
             Killed from afar by a white imp (7 damage)
             ... with a puff of frost
             ... summoned by Natasha
             ... on level 3 of the Dungeon.
             The game lasted 00:02:29 (2055 turns).

DocClef the Skirmisher (Formicid Fighter)           Turns: 2055, Time: 00:02:29

Health: 0/52       AC:  6    Str: 23    XL:     6   Next: 11%
Magic:  6/6        EV:  9    Int: 11    God:
Gold:   151        SH:  5    Dex: 13    Spells: 5/5 levels left

rFire   . . .      SeeInvis +   g - +6 mace of Hybuyzye {freeze, *Noise rPois rCorr Int+4}
rCold   . . .      Faith    .   c - +0 buckler
rNeg    . . .      Spirit   .   b - +0 scale mail
rPois   +          Reflect  .   (helmet unavailable)
rElec   .          Harm     .   (no cloak)
rCorr   +          Rampage  .   (no gloves)
Will    .....                   (no boots)
Stlth   ..........              (no amulet)
HPRegen 0.17/turn               (no ring)
MPRegen 0.10/turn               (no ring)

@: no status effects
A: permanent stasis, dig shafts and tunnels, antennae 3, four strong arms
a: Dig, Shaft Self


You were on level 3 of the Dungeon.
You visited 1 branch of the dungeon, and saw 3 of its levels.

You collected 151 gold pieces.

Inventory:

Hand Weapons
 a - a +0 flail
 g - the +6 mace of Hybuyzye (weapon) {freeze, *Noise rPois rCorr Int+4}
   (You found it on level 2 of the Dungeon)

   It freezes those it strikes, dealing additional cold damage.
   It can also slow down cold-blooded creatures.
   Int:       It affects your intelligence (+4).
   rPois:     It protects you from poison.
   *Noise:    It may make noises in combat.
   rCorr:     It protects you from acid and corrosion.
Armour
 b - a +0 scale mail (worn)
 c - a +0 buckler (worn)
Jewellery
 e - a +6 ring of intelligence
Wands
 h - a wand of paralysis (10)
Scrolls
 i - a scroll of identify
 j - a scroll of immolation {unknown}
 l - a scroll of fog
Potions
 d - a potion of might
 f - 3 potions of lignification


   Skills:
 - Level 5.7 Fighting
 + Level 4.0 Maces & Flails
 - Level 3.2 Armour
 - Level 4.0 Shields


You had 5 spell levels left.
You didn't know any spells.
Your spell library was empty.

Dungeon Overview and Level Annotations

Branches:
Dungeon (3/15)

Altars:
Elyvilon

Annotations:
D:3 Natasha


Innate Abilities, Weirdness & Mutations

You cannot be hasted, slowed, berserked, paralysed or teleported.
You can dig through walls and to a lower floor.
You have a pair of large antennae on your head. (SInv)
Your four strong arms can wield two-handed weapons with a shield.


Message History

A centaur comes into view. It is quivering poisoned darts.
You block the orc's attack.
You sock the orc! You freeze the orc.
You kill the orc!
The centaur wields a +0 shortbow.
The centaur shoots an arrow.
The arrow hits you!
* * * LOW HITPOINT WARNING * * *
You hear an angry hiss.
Unknown command.
Okay, then.
Natasha, Servant of Life and Death comes into view.
Natasha hisses angrily.
The centaur shoots an arrow.
You block the arrow.
The centaur shoots an arrow.
The arrow closely misses you.
Things that are here:
a +0 dagger; a +0 whip; an orc corpse The centaur shoots an arrow.
The arrow hits you.
* * * LOW HITPOINT WARNING * * *
The centaur shoots an arrow.
The arrow barely misses you.
Natasha casts a spell.
The centaur shoots an arrow.
The arrow hits you.
* * * LOW HITPOINT WARNING * * *
The centaur shoots an arrow.
The arrow hits you but does no damage.
You barely miss Natasha.
Your mace of Hybuyzye shouts, "Whoopee!"
The centaur unwields a +0 shortbow.
You block the centaur's attack. The centaur barely misses you.
You block Natasha's attack. The white imp gestures at you.
The puff of frost misses you.
Unknown command.
You hit the centaur. You freeze the centaur.
The centaur is moderately wounded.
The centaur hits you.
* * * LOW HITPOINT WARNING * * *
The centaur kicks you.
* * * LOW HITPOINT WARNING * * *
You block Natasha's attack. The white imp gestures at you.
The puff of frost hits you!
You die...

#.#..#
...#####.##..#.#...###
.....#...............###
.#.........(.......#..#.
........................
#...5..............)#...
#....................)..
#.....h...))......)###.
#....c@..).).......# ##
...##.............#.# #
#....†......†##.# #
#.#..#.†.†...[..## #
...#..###†........###
..####.. ##)######....
... #.........# ####. ..
#.........# ##
#.........# #


You could see a centaur, Natasha and a white imp (summoned).

Vanquished Creatures
  An orc priest (D:3)
  Natasha (D:3)
  Terence (D:3)
  3 adders
  3 gnolls (D:2)
  A worm (D:3)
  A dart slug (D:2)
  8 orcs (D:3)
  6 ball pythons
  4 endoplasms
  2 giant cockroaches
  4 goblins
  7 hobgoblins
  3 jackals (D:3)
  2 quokkas
  4 bats
  3 frilled lizards
  2 kobolds (D:1)
  7 rats
63 creatures vanquished.

Notes
Turn   | Place    | Note
-------+----------+-------------------------------------------
     0 | D:1      | DocClef the Formicid Fighter began the quest for the Orb.
     0 | D:1      | Reached XP level 1. HP: 18/18 MP: 1/1
   261 | D:1      | Reached XP level 2. HP: 14/25 MP: 2/2
   417 | D:1      | Reached skill level 4 in Fighting
   670 | D:1      | Found a faded altar of an unknown god.
   949 | D:2      | Reached XP level 3. HP: 15/31 MP: 3/3
  1200 | D:2      | Reached skill level 5 in Fighting
  1250 | D:2      | Reached XP level 4. HP: 31/39 MP: 4/4
  1657 | D:2      | Identified the +6 mace of Hybuyzye {freeze, *Noise rPois
                  | rCorr Int+4}
  1781 | D:2      | Found a white marble altar of Elyvilon.
  1883 | D:3      | Reached XP level 5. HP: 27/46 MP: 5/5
  1963 | D:3      | Noticed Terence
  1967 | D:3      | Killed Terence
  1980 | D:3      | Noticed Natasha
  1987 | D:3      | Killed Natasha
  1988 | D:3      | Reached XP level 6. HP: 23/52 MP: 6/6
  2050 | D:3      | Noticed Natasha
  2055 | D:3      | Killed from afar by a white imp

Illustrated notes

Levels and vault maps discovered:
D:1:      dpeg_cavernosity, layout_basic, ebering_ecumenical_altar_petrified
D:2:      layout_rooms, basic_altar
D:3:      layout_rooms, uniq_terence, uniq_natasha

Skill      XL: |  1  2  3  4  5  6 |
---------------+-------------------+-----
Fighting       | 4 5 |  5.7
Maces & Flails | 3 4 |  4.0
Armour         | |  3.2
Shields        | |  4.0

Action                   |  1- 3 |  4- 6 || total
-------------------------+-------+-------++-------
Melee: Flail             |    88 |    26 ||   114
       Mace              |       |    47 ||    47
  Use: Potion            |     6 |       ||     6
       Scroll            |       |     6 ||     6
Armor: Scale mail        |    48 |    38 ||    86
Dodge: Dodged            |    49 |    43 ||    92
Block: Buckler           |    24 |    23 ||    47

Table legend: (Time is in decaauts)
 A = Elapsed time spent in this place.
 B = Non-inter-level travel time spent in this place.
 C = Inter-level travel time spent in this place.
 D = Time resting spent in this place.
 E = Time spent auto-exploring this place.
 F = Levels seen in this place.
 G = Mean time per level.
                   A        B        C        D        E       F      G
               +--------+--------+--------+--------+--------+-----+--------+
         Total |   2105 |   2031 |     74 |    222 |   1385 |   3 |  701.7 |
       Dungeon |   2105 |   2031 |     74 |    222 |   1385 |   3 |  701.7 |
               +--------+--------+--------+--------+--------+-----+--------+

Top non-repeatable levels by time:
     D:1: 1096 daAuts
     D:2: 795 daAuts
     D:3: 213 daAuts
